 Dungeon Crawl Stone Soup version 0.30-a0-965-g42e074c17a (webtiles) character file.

Game seed: 17241565922136399359

17454 LobsterGuardian the Transmogrifier (level 12, -6/94 HPs)
             Began as a Purple Draconian Transmuter on Mar 29, 2023.
             Was a Follower of Uskayaw.
             Mangled by Jorgrun
             ... wielding a +0 heavy quarterstaff
              (26 damage)
             ... on level 12 of the Dungeon on Mar 30, 2023.
             The game lasted 01:02:32 (13036 turns).

LobsterGuardian the Transmogrifier (DrTm)          Turns: 13036, Time: 01:02:33

Health: -6/94      AC: 10    Str: 12    XL:     12   Next: 19%
Magic:  17/26      EV: 15    Int: 14    God:    Uskayaw [*.....]
Gold:   319        SH: 13    Dex: 17    Spells: 12/27 levels left

rFire   + . .      SeeInvis .    i - +8 whip of the Eel {vamp, rPois}
rCold   + . .      Faith    .    e - +3 warlock's mirror {omnireflect}
rNeg    . . .      Spirit   .    (body armour unavailable)
rPois   +          Reflect  +    (helmet currently unavailable)
rElec   .          Rampage  .    z - scarf {rC+ rF+}
rCorr   .                        p - +1 pair of gloves
Will    +....                    q - melded +0 pair of boots
Stlth   ++                       t - amulet of reflection
HPRegen 0.35/turn                m - +4 ring of slaying
MPRegen 0.20/turn                J - ring of wizardry

@: short of breath, appendages, flying
A: horns 2, talons 2, flying, breathe power, AC +8, unfitting armour,
cold-blooded, big wings, high MP 1
a: Breathe Dispelling Energy, End Transformation, Renounce Religion, Stomp


You were on level 12 of the Dungeon.
You worshipped Uskayaw.
Uskayaw was noncommittal.
You had temporarily grown beastly horns and talons.
You visited 2 branches of the dungeon, and saw 13 of its levels.
You also visited: Bailey.

You collected 751 gold pieces.
You spent 432 gold pieces at shops.

Inventory:

Hand Weapons
 i - the +8 whip of the Eel (weapon) {vamp, rPois}
   (You found it on level 4 of the Dungeon)

   rPois:     It protects you from poison.
Armour
 e - the +3 warlock's mirror (worn) {omnireflect}
   (You acquired it on level 7 of the Dungeon)

   Omnireflect: It can block and reflect piercing ranged attacks and magical
   attacks against the wielder's willpower.
 p - a +1 pair of gloves (worn)
 q - a +0 pair of boots (melded)
 z - a scarf of resistance (worn)
Jewellery
 b - a ring of protection from fire
 c - an amulet of magic regeneration
 d - a ring of ice
 m - a +4 ring of slaying (left hand)
 t - an amulet of reflection (around neck)
 w - a ring of resist corrosion
 J - a ring of wizardry (right hand)
 N - a +4 ring of protection
Wands
 n - a wand of polymorph (9)
 r - a wand of paralysis (15)
 s - a wand of light (10)
 E - a wand of flame (17)
 H - a wand of roots (6)
Scrolls
 h - 7 scrolls of vulnerability
 u - 2 scrolls of blinking {unknown}
 y - 2 scrolls of enchant armour
 A - 4 scrolls of enchant weapon
 C - a scroll of magic mapping
 F - 2 scrolls of amnesia {unknown}
 G - a scroll of poison
 K - a scroll of torment {unknown}
 M - 3 scrolls of teleportation
Potions
 a - 2 potions of lignification
 f - 6 potions of curing
 g - 4 potions of might
 j - a potion of ambrosia
 k - 3 potions of berserk rage
 l - 3 potions of flight
 o - 3 potions of magic
 v - 3 potions of attraction
 x - a potion of cancellation
 B - a potion of mutation
 D - a potion of invisibility
Miscellaneous
 L - a phial of floods


   Skills:
 + Level 5.5 Fighting
 - Level 1.3 Long Blades
 + Level 7.6 Maces & Flails
 + Level 6.4 Dodging
 - Level 2.1 Stealth
 + Level 4.4 Shields
 + Level 8.2 Unarmed Combat
 + Level 8.1 Spellcasting
 + Level 9.3 Transmutations
 + Level 1.9 Ice Magic
 + Level 2.6 Poison Magic
 + Level 7.6 Invocations


You had 12 spell levels left.
You knew the following spells:

 Your Spells              Type           Power      Damage    Failure   Level
a - Beastly Appendage     Tmut           62%        N/A       1%          1
b - Wereblood             Tmut           31%        N/A       1%          2
c - Spider Form           Tmut/Pois      22%        N/A       1%          3
d - Ice Form              Ice/Tmut       21%        N/A       6%          4
e - Alistair's Intoxicat  Tmut/Pois      14%        N/A       16%         5

Your spell library contained the following spells:

 Spells                   Type           Power      Damage    Failure   Level
 Apportation              Tloc           10%        N/A       6%          1
 Magic Dart               Conj           20%        1d4       6%          1
 Necrotise                Necr           20%        1d5       6%          1
 Ozocubu's Armour         Ice            11%        N/A       9%          3
 Searing Ray              Conj           10%        2d4       10%         2
 Dazzling Flash           Conj/Hex       10%        N/A       19%         3
 Vampiric Draining        Necr           5%         2d6       19%         3
 Fulminant Prism          Conj/Hex       2%         3d5       52%         4
 Iskenderun's Mystic Bla  Conj/Tloc      5%         2d3       52%         4
 Metabolic Englaciation   Hex/Ice        4%         N/A       73%         5
 Agony                    Necr           5%         N/A       85%         5
 Silence                  Hex/Air        2%         N/A       85%         5
 Simulacrum               Ice/Necr       4%         N/A       99%         6
 Starburst                Conj/Fire      2%         6d3       100%        6
 Ozocubu's Refrigeration  Ice            5%         4d8       100%        7


Dungeon Overview and Level Annotations

Branches:
Dungeon (12/15)            Temple (1/1) D:4            Lair (0/5) D:10
    Orc (0/2) D:12         Bailey (visited)

Altars:
Ashenzari
Cheibriados
Dithmenos
Elyvilon
Fedhas
Gozag
Hepliaklqana
Kikubaaqudgha
Makhleb
Nemelex Xobeh
Okawaru
Qazlal
Ru
Sif Muna
Trog
Uskayaw
Vehumet
Wu Jian
Xom
Yredelemnul
Zin
The Shining One
Lugonu

Shops:
D:1 ?   D:6 (   D:8 [:[![

Portals:
Abyss: D:8

Annotations:
D:5 2 transporters
D:9 2 transporters, Grum
D:12 Jorgrun


Innate Abilities, Weirdness & Mutations

You have temporarily grown beastly horns and talons.
You are flying.
You can breathe bolts of dispelling energy.
Your rich purple scales are hard. (AC +8)
You cannot fit into any form of body armour.
You are cold-blooded and may be slowed by cold attacks.
Your large and strong wings let you fly.
You have an increased reservoir of magic. (+10% MP)


Message History

The grasping roots constrict you!
You hit Jorgrun.
You feel better.
You claw Jorgrun, but do no damage.
Your tail-slap misses Jorgrun.
Jorgrun is heavily wounded.
You hit Jorgrun.
You feel better.
You claw Jorgrun.
Jorgrun is heavily wounded.
Jorgrun hits you with a +0 heavy quarterstaff!
The grasping roots constrict you.
You can now pass through a line of other dancers.
You whack Jorgrun!
You feel better.
You claw Jorgrun. You tail-slap Jorgrun.
Jorgrun is severely wounded.
You whack Jorgrun! You headbutt Jorgrun.
Your tail-slap misses Jorgrun.
Jorgrun is severely wounded.
Jorgrun hits you with a +0 heavy quarterstaff!
The grasping roots constrict you!
You stomp with the beat, sending a shockwave through the revellers around you!
Jorgrun is almost dead.
Unknown command.
Aiming: Line Pass
Press: ? - help, Dir - move target Jorgrun appears confused.
The roots lose their grip on you.
You can no longer pass through a line of other dancers.
Unknown command.
Aiming: Breathe Dispelling Energy (2% risk of failure)
Press: ? - help, Shift-Dir - straight line, f - Jorgrun
Aim: Jorgrun, wielding a +0 heavy quarterstaff and wearing a +0 robe (almost dead, confused, 75% to hit)
You breathe a bolt of dispelling energy.
The bolt of dispelling energy hits Jorgrun!
Jorgrun is almost dead.
Jorgrun's magical effects unravel!
Jorgrun casts a spell at you.
Roots burst forth from the earth!
The grasping roots grab you! The grasping roots constrict you!
* * * LOW HITPOINT WARNING * * *
You are too injured to fight recklessly!
Okay, then.
You escape the roots grasp.
Jorgrun hits you with a +0 heavy quarterstaff!!
You die...

#. #......###(... #.
#.$....# #....
#.####......# #....
#...........# #....
#...........###....
#..................
#..................
#....#.............
#######.@..#.............
........g..#.............
...........#...####......
...........#...# #...)..
...##......#...# #......
.. #......#...# #...... .
#......#...####......
#....................
.....................


You could see Jorgrun.

Vanquished Creatures
  Snorg (D:12)
  A boulder beetle (D:9)
  A two-headed ogre (D:9)
  Nergalle (D:11)
  Pikel (D:9)
  3 cyclopes
  Joseph (D:7)
  A gargoyle (D:11)
  2 unseen horrors
  A komodo dragon (D:11)
  4 trolls
  Prince Ribbit (D:9)
  A shadow (D:10)
  3 slime creatures (D:9)
  A vampire (D:12)
  A wraith (D:11)
  18 yaks
  2 wyverns (D:7)
  3 steam dragons
  3 acid dragons
  5 water moccasins
  13 orc warriors
  6 ice beasts
  2 sky beasts
  4 black bears
  An ogre (D:4)
  5 wolves (D:10)
  6 centaurs
  A lemure (D:9)
  A phantom (D:6)
  4 bullfrogs
  4 kobold brigands
  2 scorpions
  A gnoll sergeant (D:9)
  6 killer bees
  2 electric eels
  2 howler monkeys
  7 crimson imps (D:10)
  2 lava snakes (D:9)
  2 jellies
  11 hounds
  7 orc priests
  3 iguanas
  2 sleepcaps
  10 orc wizards
  11 gnolls
  12 adders
  2 shadow imps
  2 white imps
  A worm (D:4)
  2 dart slugs (D:1)
  34 orcs
  9 bats
  7 endoplasms
  3 giant cockroaches
  23 goblins
  10 hobgoblins
  4 jackals
  5 quokkas
  4 ball pythons
  6 frilled lizards
  16 kobolds
  3 rats
  A lurking horror (D:8)
314 creatures vanquished.

Vanquished Creatures (others)
  3 orcs (D:10)
  4 fungi (D:4)
7 creatures vanquished.

Grand Total: 321 creatures vanquished

Notes
Turn   | Place    | Note
-------+----------+-------------------------------------------
     0 | D:1      | LobsterGuardian the Draconian Transmuter began the quest
                  | for the Orb.
     0 | D:1      | Reached XP level 1. HP: 16/16 MP: 3/3
    95 | D:1      | Found Amaagh's Magic Scroll Boutique.
   120 | D:1      | Reached XP level 2. HP: 23/23 MP: 3/5
   144 | D:1      | Learned a level 2 spell: Wereblood
   333 | D:1      | Found a faded altar of an unknown god.
   497 | D:1      | Reached XP level 3. HP: 28/28 MP: 6/6
   501 | D:1      | Learned a level 3 spell: Spider Form
  1393 | D:3      | Found a shimmering altar of Xom.
  1393 | D:3      | Found a shadowy altar of Dithmenos.
  1526 | D:3      | Reached skill level 1 in Long Blades
  1526 | D:3      | Reached skill level 3 in Transmutations
  1526 | D:3      | Reached XP level 4. HP: 35/35 MP: 1/8
  2246 | D:4      | Found a staircase to the Ecumenical Temple.
  2254 | Temple   | Entered the Ecumenical Temple
  2257 | Temple   | Reached XP level 5. HP: 37/40 MP: 9/9
  2333 | Temple   | Became a worshipper of Uskayaw the Reveller
  2367 | Temple   | Reached * piety under Uskayaw
  2372 | Temple   | Reached ** piety under Uskayaw
  2499 | D:4      | Identified the +8 whip of the Eel {vamp, rPois}
  3144 | D:4      | Noticed a black bear
  3158 | D:4      | Killed a black bear
  3159 | D:4      | Reached skill level 4 in Transmutations
  3159 | D:4      | Reached XP level 6. HP: 47/48 MP: 1/10
  3413 | D:4      | Reached skill level 1 in Poison Magic
  3518 | D:5      | Entered Level 5 of the Dungeon
  3737 | D:5      | Reached *** piety under Uskayaw
  3742 | D:5      | Reached **** piety under Uskayaw
  3743 | D:5      | Reached skill level 1 in Stealth
  3743 | D:5      | Your scales start taking on a rich purple colour.
  3743 | D:5      | Reached XP level 7. HP: 46/55 MP: 10/13
  3748 | D:5      | Learned a level 4 spell: Ice Form
  3926 | D:5      | Reached skill level 1 in Maces & Flails
  3993 | D:5      | Reached skill level 1 in Invocations
  4065 | D:5      | Found a transporter.
  4114 | D:5      | Found a transporter.
  4297 | D:5      | Found a bloodstained altar of Trog.
  4353 | D:6      | Reached skill level 5 in Transmutations
  4361 | D:6      | Reached ***** piety under Uskayaw
  4405 | D:6      | Reached XP level 8. HP: 53/62 MP: 6/14
  4518 | D:6      | Reached skill level 5 in Unarmed Combat
  4538 | D:6      | Reached ****** piety under Uskayaw
  4544 | D:6      | Reached skill level 5 in Spellcasting
  4544 | D:6      | Reached skill level 6 in Transmutations
  4622 | D:6      | Reached XP level 9. HP: 68/68 MP: 16/16
  4808 | D:6      | Reached skill level 1 in Ice Magic
  4992 | D:6      | Found Ogo Niu's Antique Weapon Boutique.
  5615 | D:7      | Found a flagged portal.
  5731 | Bailey   | Entered a bailey
  5890 | Bailey   | Reached skill level 7 in Transmutations
  5946 | Bailey   | Reached skill level 5 in Invocations
  6282 | Bailey   | Noticed an orc warlord
  6509 | Bailey   | Upgraded the game from 0.30-a0-956-gcec3b41aec to
                  | 0.30-a0-965-g42e074c17a
  6606 | D:7      | Noticed Joseph
  6608 | D:7      | Acquired the +3 warlock's mirror {omnireflect}
  6608 | D:7      | Found the +3 warlock's mirror {omnireflect}
  6625 | D:7      | Killed Joseph
  6626 | D:7      | Reached XP level 10. HP: 64/77 MP: 16/19
  7362 | D:8      | Found Diotuug Joeg's Antique Armour Emporium.
  7468 | D:8      | Noticed a cyclops
  7617 | D:8      | Found Gatol's Distillery.
  7620 | D:8      | Bought a potion of mutation for 96 gold pieces
  7620 | D:8      | Bought a potion of mutation for 96 gold pieces
  7620 | D:8      | Gained mutation: You have an increased reservoir of magic.
                  | (+10% MP) [potion of mutation]
  7620 | D:8      | Gained mutation: Your large and strong wings let you fly.
                  | [potion of mutation]
  7910 | D:8      | Found Konan's Antique Armour Emporium.
  7960 | D:8      | Found Rioh's Antique Armour Boutique.
  7970 | D:8      | Bought an embroidered scarf for 240 gold pieces
  7988 | D:8      | Found a corrupted altar of Lugonu.
  7989 | D:8      | Found a one-way gate to the infinite horrors of the Abyss.
  8170 | D:8      | Found Kauchud's Book Shop.
  8253 | D:8      | Killed a cyclops
  8254 | D:8      | Reached skill level 1 in Shields
  8458 | D:9      | Reached skill level 8 in Transmutations
  8715 | D:9      | Noticed a boulder beetle
  8734 | D:9      | Killed a boulder beetle
  8735 | D:9      | Reached skill level 5 in Dodging
  8908 | D:9      | Noticed a two-headed ogre
  8927 | D:9      | Killed a two-headed ogre
  8928 | D:9      | Reached XP level 11. HP: 31/83 MP: 17/23
  9598 | D:9      | Reached skill level 5 in Maces & Flails
  9677 | D:9      | Noticed Prince Ribbit
  9687 | D:9      | Killed Prince Ribbit
  9712 | D:9      | Found a sparkling altar of Nemelex Xobeh.
  9728 | D:9      | Noticed Grum
  9730 | D:9      | Noticed a white ugly thing
  9730 | D:9      | Noticed a cyan ugly thing
  9731 | D:9      | Found a transporter.
  9732 | D:9      | Found a corrupted altar of Lugonu.
  9734 | D:9      | Noticed a red ugly thing
  9841 | D:9      | Noticed Pikel
  9848 | D:9      | Killed Pikel
  9852 | D:9      | Found a transporter.
  9962 | D:10     | Entered Level 10 of the Dungeon
 10014 | D:10     | Found a staircase to the Lair.
 10834 | D:10     | Learned a level 5 spell: Alistair's Intoxication
 10951 | D:11     | Reached skill level 9 in Transmutations
 11246 | D:11     | Noticed Nergalle
 11250 | D:11     | Noticed a spectral orc warlord
 11264 | D:11     | Killed Nergalle
 11265 | D:11     | Reached skill level 5 in Fighting
 11870 | D:11     | Reached XP level 12. HP: 71/94 MP: 23/26
 12193 | D:12     | Found a staircase to the Orcish Mines.
 12235 | D:12     | Noticed Snorg
 12245 | D:12     | Killed Snorg
 13010 | D:12     | Noticed Jorgrun
 13036 | D:12     | Mangled by Jorgrun

Illustrated notes

Levels and vault maps discovered:
D:1:      saegor_arrival_under_anarchy, layout_basic, serial_shops, shop,
          ebering_ecumenical_altar_abandoned
D:2:      layout_rooms
D:3:      layout_basic, amethyst_overflow_temple_binary, grunt_ministairs_2
D:4:      layout_loops_ring, minmay_temple_entry_arrows, serial_aquarium,
          aquarium_bridge_square [aquarium_subvault_bridge,
          aquarium_subvault_balcony, aquarium_subvault_balcony,
          aquarium_subvault_bridge], aquarium_window_fake, aquarium_window_2,
          aquarium_window_1, aquarium_window_1, aquarium_view_2a,
          aquarium_view_2d, aquarium_pool_2
D:5:      gammafunk_cloud_chamber, layout_gridville,
          mainiacjoe_overflow_alcove_2, kennysheep_generic_room_6
D:6:      layout_loops_ring, serial_shops, shop, nzn_random_ring
D:7:      layout_cave_pods, enter_bailey_5, uniq_joseph
D:8:      layout_basic, serial_shops, kennysheep_mini, shop_fountains,
          kennysheep_little_box, nicolae_shop_behind_doors,
          nicolae_shop_waterfront, amcnicky_altar_lugonu_corruption
D:9:      gammafunk_corrupted_shrine, layout_basic,
          nemelex_xobeh_ov_fountains_minmay, nicolae_lava_and_water,
          grunt_ministairs_15, grunt_decor_mini_mirrors, uniq_prince_ribbit1,
          uniq_grum, uniq_pikel
D:10:     layout_rooms, erik_lair_island, minmay_nine_imps
D:11:     layout_loops_ring, kennysheep_generic_room_10, uniq_nergalle
D:12:     layout_stronghold, orc_0_dummy, nicolae_ashenzari_skybound,
          uniq_snorg, uniq_jorgrun
Temple:   dpeg_three_leaves_temple

Skill      XL: |  1  2  3  4  5  6  7  8  9 10 11 12 |
---------------+-------------------------------------+-----
Long Blades    | 1 |  1.3
Dodging        | 2 3 4 5 6 |  6.4
Transmutations | 3 4 5 6 7 8 9 |  9.3
Spellcasting   | 3 4 5 6 7 8 |  8.1
Unarmed Combat | 4 5 7 8 |  8.2
Fighting       | 2 3 5 |  5.5
Poison Magic   | 1 2 |  2.6
Stealth        | 1 2 |  2.1
Maces & Flails | 1 3 4 7 |  7.6
Invocations    | 2 3 5 7 |  7.6
Ice Magic      | 1 |  1.9
Shields        | 2 4 |  4.4

Action                     |  1- 3 |  4- 6 |  7- 9 | 10-12 || total
---------------------------+-------+-------+-------+-------++-------
  Melee: Unarmed           |    48 |    30 |   224 |    77 ||   379
         Kick              |    11 |    13 |    11 |   105 ||   140
         Headbutt          |    13 |     5 |     9 |    72 ||    99
         Tailslap          |     7 |     5 |    14 |    53 ||    79
         Long sword        |    52 |    43 |       |       ||    95
         Punch             |     2 |     1 |     4 |       ||     7
         Whip              |       |    24 |    94 |   351 ||   469
   Cast: Beastly Appendage |    19 |     9 |     9 |    37 ||    74
         Wereblood         |     3 |     6 |    14 |    15 ||    38
         Spider Form       |     6 |     4 |    12 |     6 ||    28
         Ice Form          |       |       |     8 |     1 ||     9
         Alistair's Intoxi |       |       |       |     1 ||     1
 Invoke: Stomp             |       |     5 |     4 |    10 ||    19
         Line Pass         |       |     1 |     1 |     4 ||     6
         Grand Finale      |       |       |       |     2 ||     2
Ability: Breathe Dispellin |       |       |       |    13 ||    13
  Evoke: Wand              |       |       |     3 |     2 ||     5
    Use: Scroll            |     5 |     1 |     7 |    11 ||    24
         Potion            |       |     3 |     3 |     3 ||     9
   Stab: Sleeping          |     2 |       |     1 |     3 ||     6
         Paralysed         |       |     1 |    21 |    32 ||    54
         Confused          |       |       |     2 |     1 ||     3
         Fleeing           |       |       |     1 |       ||     1
 Armour: Skin              |    31 |    44 |    49 |    54 ||   178
  Dodge: Dodged            |    62 |   121 |   184 |   199 ||   566
  Block: Other             |       |       |    49 |    16 ||    65
         Reflection        |       |       |     4 |    15 ||    19
         Buckler           |       |       |       |   177 ||   177

Table legend: (Time is in decaauts)
 A = Elapsed time spent in this place.
 B = Non-inter-level travel time spent in this place.
 C = Inter-level travel time spent in this place.
 D = Time resting spent in this place.
 E = Time spent auto-exploring this place.
 F = Levels seen in this place.
 G = Mean time per level.
                   A        B        C        D        E       F      G
               +--------+--------+--------+--------+--------+-----+--------+
         Total |  12945 |  12592 |    353 |    292 |   9916 |  14 |  924.6 |
       Dungeon |  11990 |  11651 |    339 |    234 |   9407 |  12 |  999.2 |
        Temple |    176 |    162 |     14 |     58 |     68 |   1 |  176.0 |
        Bailey |    778 |    778 |      0 |      0 |    441 |   1 |  778.0 |
               +--------+--------+--------+--------+--------+-----+--------+

Top non-repeatable levels by time:
     D:9: 1702 daAuts
     D:8: 1243 daAuts
    D:11: 1220 daAuts
     D:7: 1141 daAuts
     D:4: 1130 daAuts
     D:6: 1025 daAuts
     D:3: 1019 daAuts
    D:12: 841 daAuts
     D:5: 808 daAuts
  Bailey: 778 daAuts
     D:1: 704 daAuts
    D:10: 642 daAuts
     D:2: 509 daAuts
  Temple: 176 daAuts
